 Dungeon Crawl Stone Soup version 0.31.0-7-gf635a9b802 (webtiles) character file.

Game seed: 12176487131621053803

25 puppykicker the Ruffian (level 3, -1/31 HPs)
             Began as a Naga Shapeshifter on Jan 24, 2024.
             Slain by Jessica
             ... wielding a +0 dagger
              (3 damage)
             ... on level 2 of the Dungeon.
             The game lasted 00:02:08 (919 turns).

puppykicker the Ruffian (Naga Shapeshifter)          Turns: 919, Time: 00:02:09

Health: -1/31      AC:  2    Str: 18    XL:     3   Next: 4%
Magic:  3/3        EV:  9    Int: 10    God:
Gold:   60         SH:  0    Dex: 10    Spells: 2/2 levels left

rFire   . .          .
                       - Unarmed
rCold   . . .        (no shield)
rNeg    . . .        a - +0 leather armour
rPois   +            (helmet currently unavailable)
rElec   .            (cloak currently unavailable)
rCorr   .            (gloves currently unavailable)
SInv    +            (no barding)
Will    .....        (no amulet)
Stlth   +            (no ring)
HPRegen 0.25/turn    (no ring)
MPRegen 0.08/turn

%: no passive effects
@: beast-form, very slow
A: beast (slay +1), AC +1, large, see invisible, deformed body, poison
resistance, slowness 2, spit poison 1, naga tail 1
a: Spit Poison, Begin Untransformation


You were on level 2 of the Dungeon.
You were a hulking beast.
You visited 1 branch of the dungeon, and saw 2 of its levels.

You collected 60 gold pieces.

Inventory:

Armour
 a - a +0 leather armour (worn)
Talismans
 c - a beast talisman (active)
 d - a flux talisman
Scrolls
 e - a scroll of teleportation {unknown}
 f - a scroll of noise {unknown}
 g - a scroll of enchant weapon {unknown}
Potions
 b - a potion of lignification {!q}


   Skills:
 + Level 1.5 Fighting
 - Level 1.5 Dodging
 * Level 3.6 Unarmed Combat
 + Level 3.2 Shapeshifting


You had 2 spell levels left.
You didn't know any spells.
Your spell library contained the following spells:

 Spells                   Type           Power      Damage    Failure   Level
 Freeze                   Ice            0%         1d3       41%         1
 Frozen Ramparts          Ice            0%         1d1       80%         3
 Hailstorm                Conj/Ice       0%         3d5       80%         3


Dungeon Overview and Level Annotations

Branches:
Dungeon (2/15)

Altars:

Annotations:
D:2 Jessica


Innate Abilities, Weirdness & Mutations

You are a hulking beast.
Your limbs bulge with bestial killing power. (Slay +1)
Your serpentine skin is tough. (AC +1)
You have supernaturally acute eyesight. (SInv)
Armour fits poorly on your strangely shaped body.
Your system is resistant to poisons. (rPois)
You cover ground very slowly.
You can spit poison.
You have a snake-like lower body.


Message History

The hobgoblin is moderately wounded.
The hobgoblin hits you. The endoplasm freezes you.
You are frozen.
You take 7 damage, and have 20/31 hp.
MASSIVE DAMAGE!!
You barely miss the hobgoblin.
The hobgoblin is moderately wounded.
The bat hits you but does no damage. The hobgoblin closely misses you.
The endoplasm hits you but does no damage.
You hit the hobgoblin.
The hobgoblin is severely wounded.
The hobgoblin hits you but does no damage.
The endoplasm hits you but does no damage.
The bat hits you but does no damage.
Unknown command.
You hit the hobgoblin.
You kill the hobgoblin!
The bat closely misses you. The endoplasm hits you.
You take 1 damage, and have 19/31 hp.
You hit Jessica but do no damage. The endoplasm hits you.
Jessica points at you and mumbles some strange words.
Pain shoots through your body!
* * * LOW HITPOINT WARNING * * *
You take 17 damage, and have 2/31 hp.
MASSIVE DAMAGE!!
You are too injured to fight recklessly!
You are too injured to fight recklessly!
Unknown command.
You punch Jessica!
Jessica is severely wounded.
The endoplasm freezes you.
You are frozen.
* * * LOW HITPOINT WARNING * * *
Jessica points at you and mumbles some strange words.
You barely resist. You punch the endoplasm!
You kill the endoplasm!
Jessica hits you with a +0 dagger.
You die...

## #. #.### #
#.#<# ... #.#.#
.....#.#.#.####
.......h........
.....#@#.#.#####
### #b#.#.#
#.#.. # #.####
.. .. ..


You could see Jessica and a bat.

Levels and vault maps discovered:
D:1:      dpeg_arrival_tiny_b, layout_loops_corners
D:2:      layout_basic, uniq_crazy_yiuf_cottage, uniq_jessica

Notes
Turn   | Place    | Note
-------+----------+-------------------------------------------
     0 | D:1      | puppykicker the Naga Shapeshifter began the quest for the
                  | Orb.
     0 | D:1      | Reached XP level 1. HP: 18/18 MP: 1/1
    99 | D:1      | Identified a +0 ring mail
   112 | D:1      | Identified a +0 dagger
   171 | D:1      | Identified a +0 robe
   186 | D:1      | Identified a +0 pair of boots
   224 | D:1      | Reached XP level 2. HP: 19/25 MP: 2/2
   233 | D:1      | Identified a +0 dagger
   409 | D:1      | Identified a +1 dagger of draining
   483 | D:1      | Identified a +0 club
   485 | D:1      | Identified a +0 leather armour
   569 | D:1      | Identified a +0 robe
   744 | D:1      | Identified a +0 club
   761 | D:1      | Identified a +0 whip
   822 | D:1      | Identified a +0 scale mail
   905 | D:2      | Identified a +0 dagger
   905 | D:2      | Identified a +0 robe
   905 | D:2      | Noticed Jessica
   909 | D:2      | Reached XP level 3. HP: 31/31 MP: 3/3
   917 | D:2      | HP: 2/31 [Jessica/nerve-wracking pain (14)]
   919 | D:2      | Slain by Jessica

Table legend: (Time is in decaauts)
 A = Elapsed time spent in this place.
 B = Non-inter-level travel time spent in this place.
 C = Inter-level travel time spent in this place.
 D = Time resting spent in this place.
 E = Time spent auto-exploring this place.
 F = Levels seen in this place.
 G = Mean time per level.
                   A        B        C        D        E       F      G
               +--------+--------+--------+--------+--------+-----+--------+
         Total |   1230 |   1175 |     55 |      0 |   1000 |   2 |  615.0 |
       Dungeon |   1230 |   1175 |     55 |      0 |   1000 |   2 |  615.0 |
               +--------+--------+--------+--------+--------+-----+--------+

Top non-repeatable levels by time:
     D:1: 1214 daAuts
     D:2: 16 daAuts

Table legend:
 A = Kills in this place as a percentage of kills in the entire game.
 B = Kills by you in this place as a percentage of kills by you in the entire game.
 C = Kills by friends in this place as a percentage of kills by friends in the entire game.
 D = Other kills in this place as a percentage of other kills in the entire game.
 E = Experience gained in this place as a percentage of experience gained in the entire game.
 F = Experience gained in this place divided by the number of levels of this place that you have seen.
                   A       B       C       D       E      F
               +-------+-------+-------+-------+-------+----------------------
         Total | 100.0 | 100.0 |   N/A |   N/A | 100.0 |  19.0
       Dungeon | 100.0 | 100.0 |   N/A |   N/A | 100.0 |  19.0
               +-------+-------+-------+-------+-------+----------------------

Action                     || total
---------------------------++-------
  Melee: Unarmed           ||    79
   Stab: Sleeping          ||     1
 Armour: Ring mail         ||    26
         Animal skin       ||     4
         Leather armour    ||    28
  Dodge: Dodged            ||    23
   Form: Beast             ||     1

Vanquished Creatures
  2 endoplasms
  A giant cockroach (D:1)
  3 goblins (D:1)
  2 hobgoblins
  2 jackals (D:1)
  2 kobolds (D:1)
  3 quokkas (D:1)
  3 ball pythons (D:1)
  A frilled lizard (D:1)
  4 rats
23 creatures vanquished.
